 Dungeon Crawl Stone Soup version 0.31-a0-620-gd1cbd99268 (webtiles) character file.

Game seed: 15887648721129703888

54670 NinjaNoafa the Grappler (level 14, -1/125 (126) HPs)
             Began as a Gnoll Shapeshifter on Aug 21, 2023.
             Was a High Priest of Ashenzari.
             Slain by a demonic crawler (9 damage)
             ... on level 1 of the Spider Nest on Aug 23, 2023.
             The game lasted 00:59:48 (19324 turns).

NinjaNoafa the Grappler (Gnoll Shapeshifter)       Turns: 19324, Time: 00:59:49

HP:   -1/125 (126)  AC: 30    Str: 18    XL:     14   Next: 73%
MP:   14/43         EV: 18    Int: 13    God:    Ashenzari [*****.]
Gold: 2290          SH: 22    Dex: 19    Spells: 17/45 levels left

rFire   + . .        a - +5 long sword of the Distant God {drain, MP+9 Str+4, Self, Fort} (curse)
rCold   . . .        R - +4 kite shield
rNeg    . . .        K - quicksilver dragon scales "Scepticism of Ashenzari" {Will+, Self, Cun} (curse)
rPois   .            l - +2 helmet of the Cosmic Stickiness {Bglg, Self} (curse)
rElec   .            d - +2 cloak of the Bound Restlessness {Stlth+, Fort, Elem} (curse)
rCorr   .            c - +0 pair of gloves
SInv    +            o - +2 pair of boots "Discomfort of Ashenzari" {Stlth+, Self, Comp} (curse)
Will    ++...        D - amulet of Ouranomancy {Reflect rF+ SH+5, Self, Bglg} (curse)
Stlth   +++++++      N - ring of Supernal Wisdom {Dex+6, Bglg, Self} (curse)
HPRegen 0.40/turn    s - ring of the Soothsayer {AC+4, Melee, Comp} (curse)
MPRegen 0.28/turn

%: reflection, clarity
@: lethally poisoned (-1 -> -8), lightly drained
A: fangs 1, strong nose, distributed training
a: Renounce Religion, Shatter the Chains


You were on level 1 of the Spider Nest.
You worshipped Ashenzari.
Ashenzari was extremely pleased with you.
You visited 4 branches of the dungeon, and saw 19 of its levels.
You also visited: Bailey.

You collected 2290 gold pieces.

Inventory:

Hand Weapons
 a - the cursed +5 long sword of the Distant God (weapon) {drain, MP+9 Str+4, Self, Fort}
   (You found it on level 10 of the Dungeon)

   Str+4:     It affects your strength (+4).
   MP+9:      It affects your magic capacity (+9).
   It has a curse which improves the following skills: Introspection: Fighting
   and Spellcasting.
   Fortitude: Armour and Shields.
Missiles
 u - 25 poisoned darts
 G - 20 boomerangs
 M - 11 javelins
 O - a curare-tipped dart
Armour
 c - a +0 pair of gloves (worn)
 d - the cursed +2 cloak of the Bound Restlessness (worn) {Stlth+, Fort, Elem}
   (You found it on level 5 of the Dungeon)

   Stlth+:    It makes you more stealthy.
   It has a curse which improves the following skills: Fortitude: Armour and
   Shields.
   Elements:  Fire Magic, Ice Magic, Air Magic and Earth Magic.
 l - the cursed +2 helmet of the Cosmic Stickiness (worn) {Bglg, Self}
   (You took it off Robin on level 2 of the Dungeon)

   It has a curse which improves the following skills: Beguiling: Conjurations,
   Hexes and Translocations.
   Introspection: Fighting and Spellcasting.
 o - the cursed +2 pair of boots "Discomfort of Ashenzari" (worn) {Stlth+, Self, Comp}
   (You found it on level 5 of the Lair of Beasts)

   It has a curse which improves the following skills: Introspection: Fighting
   and Spellcasting.
   Companions: Summonings and Necromancy.
 K - the cursed quicksilver dragon scales "Scepticism of Ashenzari" (worn) {Will+, Self, Cun}
   (You found it in a bailey)

   Will+:     It increases your willpower.
   It has a curse which improves the following skills: Introspection: Fighting
   and Spellcasting.
   Cunning:   Dodging and Stealth.
 R - a +4 kite shield (worn)
Magical Staves
 z - a staff of death
Jewellery
 s - the cursed ring of the Soothsayer (right hand) {AC+4, Melee, Comp}
   (You took it off a goblin on level 2 of the Dungeon)

   [ring of protection]

   AC+4:      It affects your AC (+4).
   It has a curse which improves the following skills: Melee Combat: Short
   Blades, Long Blades, Axes, Maces & Flails, Polearms, Staves and Unarmed
   Combat.
   Companions: Summonings and Necromancy.
 D - the cursed amulet of Ouranomancy (around neck) {Reflect rF+ SH+5, Self, Bglg}
   (You acquired it in a bailey)

   [amulet of reflection]

   Reflect:   It reflects blocked missile attacks.
   rF+:       It protects you from fire.
   SH+5:      It affects your SH (+5).
   It has a curse which improves the following skills: Introspection: Fighting
   and Spellcasting.
   Beguiling: Conjurations, Hexes and Translocations.
 N - the cursed ring of Supernal Wisdom (left hand) {Dex+6, Bglg, Self}
   (You found it on level 2 of the Lair of Beasts)

   [ring of dexterity]

   Dex+6:     It affects your dexterity (+6).
   It has a curse which improves the following skills: Beguiling: Conjurations,
   Hexes and Translocations.
   Introspection: Fighting and Spellcasting.
Talismans
 F - a beast talisman
Wands
 h - a wand of paralysis (3)
 i - a wand of flame (16)
 j - a wand of polymorph (19)
 t - a wand of roots (1)
Scrolls
 g - 3 scrolls of noise
 k - 4 scrolls of revelation
 p - 5 scrolls of teleportation
 v - 2 scrolls of poison
 w - 2 scrolls of fear
 A - 2 scrolls of immolation
 E - 5 scrolls of vulnerability
 L - 3 scrolls of amnesia
 Q - a scroll of blinking
 S - 2 scrolls of silence
Potions
 b - a potion of lignification
 e - 5 potions of attraction
 f - 6 potions of mutation
 m - 5 potions of brilliance
 n - 3 potions of enlightenment
 r - 2 potions of resistance
 x - 8 potions of curing
 B - 4 potions of might
 C - a potion of magic
 H - 4 potions of ambrosia
 I - 3 potions of haste
 J - a potion of cancellation
 P - 4 potions of heal wounds
Miscellaneous
 q - a tin of tremorstones (2/2)
 y - a phial of floods


   Skills:
 + Level 10.0(16.6) Fighting
 + Level 9.6(11.8) Short Blades
 + Level 9.6(11.8) Long Blades
 + Level 9.6(11.8) Axes
 + Level 9.6(11.8) Maces & Flails
 + Level 9.6(11.8) Polearms
 + Level 9.6(11.8) Staves
 + Level 9.6 Ranged Weapons
 + Level 9.6 Throwing
 + Level 9.6(12.8) Armour
 + Level 10.7(12.8) Dodging
 + Level 9.6(11.8) Stealth
 + Level 9.6(12.8) Shields
 + Level 11.6(13.7) Unarmed Combat
 + Level 9.6(16.2) Spellcasting
 + Level 8.0(12.2) Conjurations
 + Level 8.0(12.2) Hexes
 + Level 8.0(11.2) Summonings
 + Level 8.0(11.2) Necromancy
 + Level 8.0(12.2) Translocations
 + Level 8.0 Transmutations
 + Level 8.0(10.2) Fire Magic
 + Level 8.0(10.2) Ice Magic
 + Level 8.0(10.2) Air Magic
 + Level 8.0(10.2) Earth Magic
 + Level 8.0 Poison Magic
 + Level 10.5 Invocations
 + Level 9.6 Evocations
 + Level 11.3 Shapeshifting


You had 17 spell levels left.
You knew the following spells:

 Your Spells              Type           Power      Damage    Failure   Level
b - Confusing Touch       Hex            42%        N/A       1%          3
c - Vampiric Draining     Necr           39%        2d8       1%          3
d - Anguish               Hex/Necr       20%        N/A       1%          4
e - Vhi's Electric Charg  Tloc/Air       78%        N/A       1%          3
f - Dispel Undead         Necr           39%        3d16      1%          4
g - Arcjolt               Conj/Air       19%        1d29      4%          5
h - Iskenderun's Mystic   Conj/Tloc      42%        2d10      1%          4
i - Passwall              Tmut/Erth      28%        N/A       1%          2

Your spell library contained the following spells:

 Spells                   Type           Power      Damage    Failure   Level
 Magic Dart               Conj           100%       1d8       1%          1
 Sandblast                Erth           74%        2d16      1%          1
 Slow                     Hex            100%       N/A       1%          1
 Call Imp                 Summ           78%        N/A       1%          2
 Cigotuvi's Dreadful Rot  Necr/Pois/Air  72%        N/A       1%          2
 Ensorcelled Hibernation  Hex/Ice        78%        N/A       1%          2
 Mephitic Cloud           Conj/Pois/Air  37%        N/A       1%          3
 Stone Arrow              Conj/Erth      78%        3d11      1%          3
 Volatile Blastmotes      Fire/Tloc      78%        2d16      1%          3
 Fulminant Prism          Conj/Hex       21%        3d12      1%          4
 Death Channel            Necr           19%        N/A       24%         6
 Maxwell's Capacitive Co  Air            18%        ∞         100%        8


Dungeon Overview and Level Annotations

Branches:
Dungeon (12/15) Zot: 26389  Temple (1/1) D:4 Zot: 5998    Lair (5/5) D:8 Zot: 22864
  Swamp (0/4) Lair:2       Spider (1/4) Lair:2 Zot: 5986   Slime (0/5) Lair:5
    Orc (0/2) D:9          Bailey (visited)

Altars:
Ashenzari
Cheibriados
Dithmenos
Elyvilon
Fedhas
Gozag
Hepliaklqana
Kikubaaqudgha
Makhleb
Nemelex Xobeh
Okawaru
Qazlal
Ru
Sif Muna
Trog
Uskayaw
Vehumet
Wu Jian
Xom
Yredelemnul
Zin
The Shining One
Jiyva

Shops:
D:3 ?   D:6 [


Innate Abilities, Weirdness & Mutations

You have very sharp teeth.
Your uncanny sense of smell can sniff out nearby items.
Your experience applies equally to all skills.


Message History

The wolf spider is struck by an electric surge!
The pharaoh ant is struck by an electric surge!!
You destroy the pharaoh ant!
The pharaoh ant binds the souls of nearby monsters.
The demonic crawler is struck by an electric surge.
The moth of wrath is struck by an electric surge!!
You feel very sick. You block the wolf spider's attack. x2
The demonic crawler completely misses you.
You block the demonic crawler's attack. The demonic crawler barely misses you.
The spark wasp stings you but does no damage.
You block the demonic crawler's attack. The demonic crawler barely misses you.
The demonic crawler completely misses you.
The jumping spider leaps!
A jumping spider comes into view.
The wolf spider closely misses you.
The wolf spider bites you but does no damage.
The demonic crawler misses you. You block the demonic crawler's attack.
The demonic crawler hits you but does no damage.
The spark wasp stings you!
* * * LOW HITPOINT WARNING * * *
The spark wasp shocks you!
* * * LOW HITPOINT WARNING * * *
The demonic crawler hits you but does no damage.
The demonic crawler hits you!!
* * * LOW HITPOINT WARNING * * *
The demonic crawler barely misses you.
You take 46 damage, and have 10/125 hp.
MASSIVE DAMAGE!!
You now have 16/43 mp.
Unknown command.
Casting: Arcjolt (dangerous; 4% risk of failure)
Aiming: Vampiric Draining (safe; 1% risk of failure)
Press: ? - help, Shift-Dir - straight line, f - wolf spider
Aim: a wolf spider (severely wounded, berserk, soul bound)
You draw life force from the wolf spider.
You feel life coursing into your body.
* * * LOW HITPOINT WARNING * * *
You feel very sick.
The wolf spider hits you but does no damage.
You block the wolf spider's attack. The demonic crawler hits you!
You die...

,........)......,,,
,..............#..,
,........s........,
,$...B...........○,
,.....s...........,
,......?..........,
,...........>....#,
,........ssy......,
,..s.....s@y......*
,................#*
,.................,
,..........#......,
,.............^^##,
,............#.##**
,............###
,,,####^...##* **
*,*,,*


You could see a spark wasp (soul bound), 2 demonic crawlers, a wolf spider
(berserk, soul bound), a moth of wrath (soul bound), a pharaoh ant, 2 jumping
spiders and a redback (soul bound).

Vanquished Creatures
  A dire elephant (Lair:5)
  2 catoblepae
  A hydra (Lair:5)
  The ghost of Loveship the Eclecticist, a journeyman DECj of Sif Muna (Lair:3)
  A merfolk avatar (Lair:5)
  A boulder beetle (Lair:4)
  4 two-headed ogres
  A dancing weapon (Lair:3)
  3 death yaks (Lair:5)
  An orc high priest (Bailey)
  Urug (D:10)
  A sea snake (Lair:5)
  4 skysharks
  A pharaoh ant (Spider:1)
  Pikel (D:4)
  An orc knight (Bailey)
  A lindwurm (Lair:5)
  A deep elf pyromancer (D:12)
  A manticore (Lair:5)
  A wolf spider (D:12)
  A cyclops (D:12)
  2 elephants (Lair:5)
  4 black mambas
  Joseph (D:8)
  A torpor snail (Lair:4)
  A gargoyle (D:11)
  Jeremiah (D:7)
  10 cane toads
  9 komodo dragons
  5 rime drakes
  A kobold demonologist (Bailey)
  A queen bee (D:9)
  6 polar bears
  A troll (D:10)
  2 hornets (Lair:5)
  2 tarantellas (Spider:1)
  Prince Ribbit (D:6)
  Grinder (D:5)
  6 dream sheep (Lair:4)
  7 blink frogs
  2 snapping turtles (Lair:5)
  9 slime creatures (D:12)
  2 shadows
  42 yaks
  3 culicivoras (Lair:2)
  A vampire (D:12)
  4 wyverns
  3 basilisks
  5 steam dragons
  6 vampire mosquitoes
  Edmund (D:6)
  3 acid dragons
  Duvessa (D:4)
  9 water moccasins
  4 black bears (Lair:1)
  13 orc warriors
  3 ice beasts
  3 sky beasts
  21 wolves
  8 centaurs
  3 ogres
  2 phantoms
  2 kobold brigands
  12 bullfrogs
  2 gnoll sergeants
  3 scorpions
  3 wights (D:7)
  Dowan (D:4)
  35 killer bees
  10 electric eels
  9 howler monkeys
  3 jellies
  7 orc priests
  4 hounds
  2 gnoll boudas
  Crazy Yiuf (D:3)
  3 sleepcaps
  7 iguanas
  Ijyb (D:4)
  Natasha (thrice) (D:4)
  5 orc wizards
  3 hell rats (Lair:3)
  Robin (D:2)
  16 gnolls
  10 adders
  4 shadow imps
  3 white imps
  3 worms (D:2)
  2 dart slugs
  43 orcs
  4 ball pythons
  9 endoplasms
  3 giant cockroaches
  26 goblins
  9 hobgoblins
  11 jackals
  8 kobolds
  6 quokkas
  6 bats
  4 frilled lizards
  5 rats
529 creatures vanquished.

Vanquished Creatures (others)
  A swamp dragon (Lair:2)
  A polar bear (Lair:1)
  4 yaks
  A wraith (D:11)
  A hell rat (Lair:3)
  A goblin (Bailey)
9 creatures vanquished.

Grand Total: 538 creatures vanquished

Notes
Turn   | Place    | Note
-------+----------+-------------------------------------------
     0 | D:1      | NinjaNoafa the Gnoll Shapeshifter began the quest for the
                  | Orb.
     0 | D:1      | Reached XP level 1. HP: 17/17 MP: 1/1
    49 | D:1      | You fall into a shaft and drop 1 floor!
   138 | D:2      | Reached XP level 2. HP: 23/23 MP: 2/2
   228 | D:1      | Reached XP level 3. HP: 28/28 MP: 3/3
   463 | D:1      | Reached skill level 1 in Invocations
   513 | D:1      | Found a faded altar of an unknown god.
   602 | D:2      | Reached skill level 1 in Short Blades
   602 | D:2      | Reached skill level 1 in Long Blades
   602 | D:2      | Reached skill level 1 in Axes
   602 | D:2      | Reached skill level 1 in Maces & Flails
   602 | D:2      | Reached skill level 1 in Polearms
   602 | D:2      | Reached skill level 1 in Staves
   602 | D:2      | Reached skill level 1 in Ranged Weapons
   602 | D:2      | Reached skill level 1 in Throwing
   602 | D:2      | Reached skill level 1 in Armour
   602 | D:2      | Reached skill level 1 in Stealth
   602 | D:2      | Reached skill level 1 in Shields
   602 | D:2      | Reached skill level 1 in Spellcasting
   602 | D:2      | Reached skill level 1 in Evocations
   608 | D:2      | Noticed Robin
   625 | D:2      | Reached XP level 4. HP: 19/34 MP: 5/5
   644 | D:2      | Killed Robin
   953 | D:2      | Reached skill level 1 in Conjurations
   953 | D:2      | Reached skill level 1 in Hexes
   953 | D:2      | Reached skill level 1 in Summonings
   953 | D:2      | Reached skill level 1 in Necromancy
   953 | D:2      | Reached skill level 1 in Translocations
   953 | D:2      | Reached skill level 1 in Transmutations
   953 | D:2      | Reached skill level 1 in Fire Magic
   953 | D:2      | Reached skill level 1 in Ice Magic
   953 | D:2      | Reached skill level 1 in Air Magic
   953 | D:2      | Reached skill level 1 in Earth Magic
   953 | D:2      | Reached skill level 1 in Poison Magic
  1173 | D:2      | Reached XP level 5. HP: 29/40 MP: 6/6
  1836 | D:3      | Found a broken altar of Ashenzari.
  1836 | D:3      | Found a stormy altar of Qazlal.
  1955 | D:3      | Became a worshipper of Ashenzari the Shackled
  2111 | D:3      | Found a runed translucent door.
  2112 | D:3      | Noticed Crazy Yiuf
  2185 | D:3      | Reached XP level 6. HP: 44/47 MP: 8/8
  2417 | D:3      | Found Pirhoc's Magic Scroll Emporium.
  2610 | D:3      | Killed Crazy Yiuf
  2680 | D:4      | Reached skill level 5 in Dodging
  2681 | D:4      | Noticed Pikel
  2782 | D:4      | Killed Pikel
  2783 | D:4      | Reached XP level 7. HP: 40/53 MP: 9/11
  2879 | D:4      | Noticed Duvessa
  2886 | D:4      | Killed Duvessa
  2886 | D:4      | Noticed Dowan
  2887 | D:4      | Reached XP level 8. HP: 56/60 MP: 12/12
  2900 | D:4      | Killed Dowan
  3045 | D:4      | Noticed Ijyb
  3054 | D:4      | Killed Ijyb
  3138 | D:4      | Noticed Natasha
  3152 | D:4      | Killed Natasha
  3352 | D:4      | Noticed Natasha
  3386 | D:4      | Killed Natasha
  3773 | D:4      | Found a staircase to the Ecumenical Temple.
  3782 | Temple   | Entered the Ecumenical Temple
  3820 | D:4      | Noticed Natasha
  3830 | D:4      | Killed Natasha
  3841 | D:5      | Entered Level 5 of the Dungeon
  4000 | D:4      | Identified the cursed +2 cloak of Ouranomancy {Stlth+, Cun,
                  | Dev} (You took it off Crazy Yiuf on level 3 of the Dungeon)
  4056 | D:5      | Found a burning altar of Makhleb.
  4101 | D:5      | Noticed Grinder
  4119 | D:5      | Paralysed by Grinder for 3 turns
  4126 | D:5      | Paralysed by Grinder for 3 turns
  4134 | D:5      | Killed Grinder
  4211 | D:5      | Reached * piety under Ashenzari
  4334 | D:5      | Reached XP level 9. HP: 43/68 MP: 15/15
  4529 | D:5      | Reached skill level 5 in Fighting
  4661 | D:5      | Identified the +2 cloak of Xuitip {Stlth+}
  4929 | D:5      | Found a bloodstained altar of Trog.
  5072 | D:6      | Noticed Edmund
  5084 | D:6      | Killed Edmund
  5085 | D:6      | Reached skill level 5 in Invocations
  5102 | D:6      | Learned a level 2 spell: Ensorcelled Hibernation
  5200 | D:6      | Found a white marble altar of Elyvilon.
  5271 | D:6      | Noticed Prince Ribbit
  5282 | D:6      | Killed Prince Ribbit
  5288 | D:6      | Identified the cursed +2 helmet of the Cosmic Stickiness
                  | {Bglg, Self} (You took it off Robin on level 2 of the
                  | Dungeon)
  5312 | D:6      | Found Yqecvouf's Armour Shop.
  5787 | D:7      | Identified the +0 robe of Cocytus {Will+}
  6036 | D:7      | Reached XP level 10. HP: 51/77 MP: 16/18
  6076 | D:6      | Reached skill level 5 in Short Blades
  6076 | D:6      | Reached skill level 5 in Long Blades
  6076 | D:6      | Reached skill level 5 in Axes
  6076 | D:6      | Reached skill level 5 in Maces & Flails
  6076 | D:6      | Reached skill level 5 in Polearms
  6076 | D:6      | Reached skill level 5 in Staves
  6076 | D:6      | Reached skill level 5 in Ranged Weapons
  6076 | D:6      | Reached skill level 5 in Throwing
  6076 | D:6      | Reached skill level 5 in Armour
  6076 | D:6      | Reached skill level 5 in Stealth
  6076 | D:6      | Reached skill level 5 in Shields
  6076 | D:6      | Reached skill level 5 in Spellcasting
  6076 | D:6      | Reached skill level 5 in Evocations
  6763 | D:7      | Noticed Jeremiah
  6795 | D:7      | Killed Jeremiah
  7053 | D:7      | Reached ** piety under Ashenzari
  7058 | D:7      | Learned a level 3 spell: Vhi's Electric Charge
  7062 | D:7      | Learned a level 3 spell: Vampiric Draining
  7122 | D:7      | Upgraded the game from 0.31-a0-609-g7bf6ffcfed to
                  | 0.31-a0-618-g7ca08c1ff9
  7258 | D:8      | Noticed Joseph
  7403 | D:8      | Found a flagged portal.
  7439 | Bailey   | Entered a bailey
  7736 | Bailey   | Identified a scroll of acquirement
  7740 | Bailey   | Acquired the amulet of Mofox {Reflect rF+ SH+5}
  7753 | Bailey   | Learned a level 4 spell: Anguish
  7757 | Bailey   | Learned a level 3 spell: Confusing Touch
  7759 | Bailey   | Noticed an orc high priest
  7771 | Bailey   | Noticed an orange demon
  7777 | Bailey   | Killed an orc high priest
  8053 | Bailey   | Found an iron altar of Okawaru.
  8053 | Bailey   | Noticed a kobold demonologist
  8059 | Bailey   | Killed a kobold demonologist
  8260 | Bailey   | Noticed an orc knight
  8275 | Bailey   | HP: 1/80 [orc knight/+0 war axe (17)]
  8289 | Bailey   | Killed an orc knight
  8290 | Bailey   | Reached XP level 11. HP: 33/87 MP: 22/22
  8505 | Bailey   | Reached skill level 5 in Conjurations
  8505 | Bailey   | Reached skill level 5 in Hexes
  8505 | Bailey   | Reached skill level 5 in Summonings
  8505 | Bailey   | Reached skill level 5 in Necromancy
  8505 | Bailey   | Reached skill level 5 in Translocations
  8505 | Bailey   | Reached skill level 5 in Transmutations
  8505 | Bailey   | Reached skill level 5 in Fire Magic
  8505 | Bailey   | Reached skill level 5 in Ice Magic
  8505 | Bailey   | Reached skill level 5 in Air Magic
  8505 | Bailey   | Reached skill level 5 in Earth Magic
  8505 | Bailey   | Reached skill level 5 in Poison Magic
  8728 | D:8      | Found a staircase to the Lair.
  8780 | D:8      | Noticed a two-headed ogre
  8797 | Lair:1   | Entered Level 1 of the Lair of Beasts
  9402 | Lair:1   | HP: 2/89 [polar bear (4)]
  9790 | Lair:1   | Reached *** piety under Ashenzari
 10163 | Lair:2   | Noticed a catoblepas
 10413 | Lair:1   | Killed a catoblepas
 10414 | Lair:1   | Reached XP level 12. HP: 98/98 MP: 18/26
 10592 | Lair:2   | Found a staircase to the Swamp.
 10633 | Lair:2   | HP: 4/99 [poisoned by a swamp dragon (poison gas)]
 10915 | Lair:2   | Reached **** piety under Ashenzari
 10922 | Lair:2   | Learned a level 4 spell: Dispel Undead
 11416 | Lair:2   | Found a hole to the Spider Nest.
 11437 | Lair:2   | Reached ***** piety under Ashenzari
 11609 | Lair:2   | Reached skill level 10 in Unarmed Combat
 11996 | Lair:3   | Noticed a skyshark
 12004 | Lair:3   | Killed a skyshark
 12041 | Lair:3   | Reached skill level 10 in Shapeshifting
 12439 | Lair:3   | Found a runed translucent door.
 12520 | Lair:3   | Found a shimmering altar of Xom.
 12520 | Lair:3   | Noticed Loveship's ghost (journeyman DECj)
 12879 | Lair:1   | Killed a two-headed ogre
 13067 | D:8      | Killed Joseph
 13068 | D:8      | Reached XP level 13. HP: 111/111 MP: 26/30
 13391 | Lair:1   | Upgraded the game from 0.31-a0-618-g7ca08c1ff9 to
                  | 0.31-a0-620-gd1cbd99268
 13483 | Lair:4   | Acquired 1192 gold pieces
 13503 | Lair:4   | Identified the +1 robe "Neriecw" {Str+3}
 14751 | Lair:5   | Entered Level 5 of the Lair of Beasts
 14768 | Lair:5   | Learned a level 5 spell: Arcjolt
 15170 | Lair:5   | Found a viscous altar of Jiyva.
 15170 | Lair:5   | Found a staircase to the Slime Pits.
 15216 | Lair:5   | HP: 3/113 [death yak (11)]
 15273 | Lair:5   | Reached skill level 10 in Dodging
 15489 | Lair:5   | Reached XP level 14. HP: 121/121 MP: 4/32
 15592 | Lair:5   | Noticed a dire elephant
 15609 | Lair:5   | Killed a dire elephant
 15917 | Lair:5   | Learned a level 2 spell: Passwall
 15922 | Lair:5   | Learned a level 4 spell: Iskenderun's Mystic Blast
 16395 | D:9      | Reached skill level 10 in Invocations
 16557 | D:9      | Found a staircase to the Orcish Mines.
 16710 | D:9      | Found an ornate altar of the Wu Jian Council.
 17128 | D:10     | Entered Level 10 of the Dungeon
 17414 | Lair:3   | Killed Loveship's ghost
 17656 | D:10     | Noticed Urug
 17667 | D:10     | Killed Urug
 17875 | D:10     | Identified the +5 long sword "Lede" {drain, MP+9 Str+4}
 19030 | D:12     | Reached skill level 10 in Fighting
 19311 | Spider:1 | Entered Level 1 of the Spider Nest
 19324 | Spider:1 | Slain by a demonic crawler

Illustrated notes

Levels and vault maps discovered:
D:1:      dpeg_arrival_tiny_j, layout_basic, ebering_ecumenical_altar_box
D:2:      layout_basic, minmay_hexomino_p4, uniq_robin
D:3:      layout_basic, gammafunk_temple_overflow_elements, serial_shops, shop,
          uniq_crazy_yiuf_cottage
D:4:      layout_loops_ring, minmay_temple_entry_poolview, uniq_pikel,
          uniq_ijyb, uniq_natasha, uniq_duvessa
D:5:      cheibrodos_barr_body, layout_basic, kennysheep_mini,
          mainiacjoe_overflow_24_doors, uniq_grinder
D:6:      layout_basic, elyvilon_altar_1, serial_shops, shop,
          corexii_corridor_pit, uniq_prince_ribbit1, uniq_edmund
D:7:      layout_layer_cave, uniq_jeremiah
D:8:      kennysheep_ambush_hall, layout_basic, dpeg_oklobed_lair,
          enter_bailey_4, st_stairs_9, uniq_joseph
D:9:      layout_roguey [special_room_bee], nzn_wu_jian_council_hall,
          orc_0_dummy
D:10:     layout_rooms, uniq_urug
D:11:     layout_basic
D:12:     layout_basic
Temple:   eino_temple_rhombus
Lair:1:   beast_lair_carwin_large_1, layout_regular_city
Lair:2:   layout_concentric_octagons, minmay_swamp_entry_reptiles,
          hellmonk_spider_entry_life_and_decay, dreamdust_gnoll_shepherd,
          grunt_megastairs_2
Lair:3:   layout_misc_corridors, ebering_ghost_xom
Lair:4:   layout_roguey, serial_rivers, chequers_serial_rivers_large_a,
          chequers_serial_rivers_micro_c, chequers_serial_rivers_micro_a,
          chequers_serial_rivers_micro_b, chequers_serial_rivers_large_b,
          chequers_serial_rivers_marsh, cheibrodos_lair_caveside_slide
Lair:5:   gammafunk_lair_ancient_temple, layout_regular_city, slime_entry_1
Spider:1: spiders_nest_scorpion_pit

Skill      XL: |  1  2  3  4  5  6  7  8  9 10 11 12 13 14 |
---------------+-------------------------------------------+-----
Invocations    | 1 2 3 4 5 6 7 8 9 10 | 10.5
Short Blades   | 1 2 3 4 6 7 8 9 |  9.6
Long Blades    | 1 2 3 4 6 7 8 9 |  9.6
Axes           | 1 2 3 4 6 7 8 9 |  9.6
Maces & Flails | 1 2 3 4 6 7 8 9 |  9.6
Polearms       | 1 2 3 4 6 7 8 9 |  9.6
Staves         | 1 2 3 4 6 7 8 9 |  9.6
Ranged Weapons | 1 2 3 4 6 7 8 9 |  9.6
Throwing       | 1 2 3 4 6 7 8 9 |  9.6
Armour         | 1 2 3 4 6 7 8 9 |  9.6
Stealth        | 1 2 3 4 6 7 8 9 |  9.6
Shields        | 1 2 3 4 6 7 8 9 |  9.6
Spellcasting   | 1 2 3 4 6 7 8 9 |  9.6
Evocations     | 1 2 3 4 6 7 8 9 |  9.6
Conjurations   | 1 2 3 4 5 6 7 8 |  8.0
Hexes          | 1 2 3 4 5 6 7 8 |  8.0
Summonings     | 1 2 3 4 5 6 7 8 |  8.0
Necromancy     | 1 2 3 4 5 6 7 8 |  8.0
Translocations | 1 2 3 4 5 6 7 8 |  8.0
Transmutations | 1 2 3 4 5 6 7 8 |  8.0
Fire Magic     | 1 2 3 4 5 6 7 8 |  8.0
Ice Magic      | 1 2 3 4 5 6 7 8 |  8.0
Air Magic      | 1 2 3 4 5 6 7 8 |  8.0
Earth Magic    | 1 2 3 4 5 6 7 8 |  8.0
Poison Magic   | 1 2 3 4 5 6 7 8 |  8.0
Fighting       | 3 4 5 6 7 8 9 10 | 10.0
Dodging        | 5 6 7 8 9 10 | 10.7
Unarmed Combat | 7 8 9 10 11 | 11.6
Shapeshifting  | 7 9 10 11 | 11.3

Action                     |  1- 3 |  4- 6 |  7- 9 | 10-12 | 13-15 || total
---------------------------+-------+-------+-------+-------+-------++-------
  Melee: Unarmed           |    67 |   127 |   300 |    13 |       ||   507
         Bite              |     3 |    11 |    51 |    93 |    78 ||   236
         Punch             |       |     1 |     5 |       |       ||     6
         Dagger            |       |       |    90 |     8 |       ||    98
         Dire flail        |       |       |       |   710 |   369 ||  1079
         Long sword        |       |       |       |       |    80 ||    80
   Cast: Ensorcelled Hiber |       |       |    16 |    15 |       ||    31
         Vampiric Draining |       |       |       |    32 |    23 ||    55
         Vhi's Electric Ch |       |       |       |    52 |    73 ||   125
         Confusing Touch   |       |       |       |    10 |     2 ||    12
         Anguish           |       |       |       |    23 |     8 ||    31
         Arcjolt           |       |       |       |       |    56 ||    56
         Iskenderun's Myst |       |       |       |       |    20 ||    20
         Passwall          |       |       |       |       |     5 ||     5
 Invoke: Curse Item        |       |       |     2 |     5 |     3 ||    10
         Shatter the Chain |       |       |       |       |     2 ||     2
  Evoke: Wand              |       |       |       |     7 |     1 ||     8
    Use: Potion            |     2 |     1 |       |     3 |     4 ||    10
         Scroll            |       |     9 |     2 |     4 |    10 ||    25
   Stab: Sleeping          |     4 |     2 |    11 |     8 |     4 ||    29
         Distracted        |       |       |     1 |       |       ||     1
         Confused          |       |       |       |     4 |       ||     4
         Petrified         |       |       |       |     1 |     7 ||     8
 Armour: Skin              |    13 |    10 |       |       |       ||    23
         Animal skin       |     6 |    12 |       |       |       ||    18
         Leather armour    |       |    17 |   114 |       |       ||   131
         Robe              |       |       |     9 |   123 |       ||   132
         Quicksilver drago |       |       |       |   323 |   254 ||   577
  Dodge: Dodged            |    40 |    77 |   288 |   841 |   456 ||  1702
  Block: Other             |       |       |       |   193 |   106 ||   299
         Reflection        |       |       |       |     1 |    11 ||    12
         Kite shield       |       |       |       |       |   146 ||   146
   Form: Flux              |       |     1 |     3 |     1 |       ||     5
         Beast             |       |       |     3 |       |       ||     3
                           |       |       |     2 |     1 |       ||     3

Table legend: (Time is in decaauts)
 A = Elapsed time spent in this place.
 B = Non-inter-level travel time spent in this place.
 C = Inter-level travel time spent in this place.
 D = Time resting spent in this place.
 E = Time spent auto-exploring this place.
 F = Levels seen in this place.
 G = Mean time per level.
                   A        B        C        D        E       F      G
               +--------+--------+--------+--------+--------+-----+--------+
         Total |  19201 |  17436 |   1765 |   3836 |   8914 |  20 |  960.0 |
       Dungeon |  10869 |   9708 |   1161 |   1367 |   5623 |  12 |  905.8 |
        Temple |      1 |      1 |      0 |      0 |      0 |   1 |    1.0 |
          Lair |   7135 |   6532 |    603 |   1922 |   3014 |   5 | 1427.0 |
   Spider Nest |     12 |     12 |      0 |      0 |      0 |   1 |   12.0 |
        Bailey |   1181 |   1181 |      0 |    547 |    276 |   1 | 1181.0 |
               +--------+--------+--------+--------+--------+-----+--------+

Top non-repeatable levels by time:
  Lair:2: 1804 daAuts
  Lair:1: 1713 daAuts
  Lair:5: 1546 daAuts
     D:7: 1479 daAuts
     D:3: 1227 daAuts
  Bailey: 1181 daAuts
     D:4: 1179 daAuts
     D:2: 1119 daAuts
  Lair:4: 1062 daAuts
  Lair:3: 1008 daAuts
     D:8: 991 daAuts
     D:9: 962 daAuts
     D:5: 960 daAuts
     D:6: 911 daAuts
    D:11: 659 daAuts
